[gd_scene load_steps=10 format=3 uid="uid://cia1nbf4wb25f"]

[ext_resource type="Script" path="res://scripts/slime.gd" id="1_6tmt3"]
[ext_resource type="Texture2D" uid="uid://62f4hikay0om" path="res://assets/sprites/slime_green.png" id="1_jcut0"]
[ext_resource type="PackedScene" uid="uid://clwo0ggggxrvm" path="res://scenes/killzone.tscn" id="2_7351k"]

[sub_resource type="AtlasTexture" id="AtlasTexture_n2uf7"]
atlas = ExtResource("1_jcut0")
region = Rect2(0, 24, 24, 24)

[sub_resource type="AtlasTexture" id="AtlasTexture_ps0j3"]
atlas = ExtResource("1_jcut0")
region = Rect2(24, 24, 24, 24)

[sub_resource type="AtlasTexture" id="AtlasTexture_gkikw"]
atlas = ExtResource("1_jcut0")
region = Rect2(48, 24, 24, 24)

[sub_resource type="AtlasTexture" id="AtlasTexture_0tbhn"]
atlas = ExtResource("1_jcut0")
region = Rect2(72, 24, 24, 24)

[sub_resource type="SpriteFrames" id="SpriteFrames_3mpyc"]
animations = [{
"frames": [{
"duration": 1.0,
"texture": SubResource("AtlasTexture_n2uf7")
}, {
"duration": 1.0,
"texture": SubResource("AtlasTexture_ps0j3")
}, {
"duration": 1.0,
"texture": SubResource("AtlasTexture_gkikw")
}, {
"duration": 1.0,
"texture": SubResource("AtlasTexture_0tbhn")
}],
"loop": true,
"name": &"default",
"speed": 10.0
}]

[sub_resource type="RectangleShape2D" id="RectangleShape2D_sxgr3"]
size = Vector2(9.5, 11)

[node name="Slime" type="Node2D"]
script = ExtResource("1_6tmt3")

[node name="AnimatedSprite2D" type="AnimatedSprite2D" parent="."]
position = Vector2(0, -12)
sprite_frames = SubResource("SpriteFrames_3mpyc")
autoplay = "default"

[node name="Killzone" parent="." instance=ExtResource("2_7351k")]

[node name="CollisionShape2D" type="CollisionShape2D" parent="Killzone"]
position = Vector2(0, -6)
shape = SubResource("RectangleShape2D_sxgr3")

[node name="RayCastLeft" type="RayCast2D" parent="."]
position = Vector2(0, -5)
target_position = Vector2(-7, 0)

[node name="RayCastRight" type="RayCast2D" parent="."]
position = Vector2(0, -5)
target_position = Vector2(7, 0)
